 Dungeon Crawl Stone Soup version 0.23-a0-413-g57a8110 (webtiles) character file.

6439 tatocazan the Carver (level 10, -5/74 HPs)
             Began as an Octopode Fighter on Nov 8, 2018.
             Was an Initiate of Gozag.
             Killed from afar by a necromancer (39 damage)
             ... with a bolt of cold
             ... on level 9 of the Dungeon.
             The game lasted 00:14:41 (9696 turns).

tatocazan the Carver (Octopode Fighter)             Turns: 9696, Time: 00:14:42

Health: -5/74      AC:  4    Str: 16    XL:     10   Next: 99%
Magic:  10/10      EV: 14    Int: 13    God:    Gozag
Gold:   70         SH: 14    Dex: 15    Spells: 9/9 levels left

rFire    . . .     SeeInvis .   a - +1 long sword
rCold    . . .     Gourm    .   b - +0 shield
rNeg     . . .     Faith    .   (helmet restricted)
rPois    .         Spirit   .   s - +5 amulet of reflection
rElec    .         Reflect  +   t - +3 ring of intelligence
rCorr    .         Harm     .   v - +3 ring of protection
MR       .....                  (no ring)
Stlth    ++++......             (no ring)
HPRegen  0.22/turn              (no ring)
MPRegen  0.12/turn              (no ring)
                                (no ring)
                                (no ring)

@: gold aura
A: almost no armour, stealthy swim, amphibious, 8 rings, constrict 8, camouflage
1, gelatinous body 1
a: Potion Petition, Call Merchant, Bribe Branch, Renounce Religion


You were on level 9 of the Dungeon.
You worshipped Gozag.
Gozag was noncommittal.
You were near starving.

You visited 1 branch of the dungeon, and saw 9 of its levels.

You collected 918 gold pieces.
You paid 848 gold pieces to Gozag.

Inventory:

Hand Weapons
 a - a +1 long sword (weapon)
 u - a +2 whip of pain
Armour
 b - a +0 shield (worn)
Jewellery
 f - an uncursed amulet of the acrobat
 s - a +5 amulet of reflection (around mantle)
 t - a +3 ring of intelligence (left tentacle)
 v - a +3 ring of protection (right tentacle)
Wands
 c - a wand of enslavement (7)
 j - a wand of digging (3)
 p - a wand of polymorph (10)
 y - a wand of acid (10)
 B - a wand of flame (14)
Scrolls
 e - a scroll of amnesia
 g - 9 scrolls of remove curse
 k - a scroll of fog
 m - 4 scrolls of enchant weapon
 q - 2 scrolls of identify
 w - 2 scrolls of fear {unknown}
 x - a scroll of acquirement {unknown}
 z - a scroll of magic mapping {unknown}
Potions
 h - 6 potions of curing
 i - a potion of haste
 l - 2 potions of lignification
 n - a potion of magic {unknown}
 o - a potion of cancellation {unknown}
 r - a potion of invisibility
 A - a potion of might
Comestibles
 d - 25 rations


   Skills:
 + Level 9.1 Fighting
 * Level 12.0 Long Blades
 - Level 6.0 Dodging
 - Level 6.0 Stealth
 - Level 3.0 Shields


You had 9 spell levels left.
You didn't know any spells.
Your spell library contained the following spells:

 Spells                   Type           Power        Failure   Level  Hunger
 Magic Dart               Conj           #...         82%         1    ##.....
 Searing Ray              Conj           #.....       91%         2    ###....
 Dazzling Spray           Conj/Hex       #.....       99%         3    ####...
 Force Lance              Conj/Tloc      #.......     100%        4    #####..
 Fulminant Prism          Conj/Hex       #.........   100%        4    #####..
 Iskenderun's Mystic Bla  Conj           #.......     100%        4    #####..


Dungeon Overview and Level Annotations

Branches:
Dungeon (9/15)             Temple (0/1) D:7            Lair (0/6) D:8
    Orc: D:9-12

Altars:
Ashenzari
Cheibriados
Dithmenos
Gozag
Kikubaaqudgha
Makhleb
Nemelex Xobeh


Innate Abilities, Weirdness & Mutations

You cannot wear most types of armour.
You are very stealthy in the water. (Stealth+)
You are amphibious.
You can wear up to eight rings at the same time.
You can use your tentacles to constrict eight enemies at once.
Your skin changes colour to match your surroundings (Stealth+).
Your rubbery body absorbs attacks. (AC +1, EV +1)


Message History

You block the polar bear simulacrum's attack.
The polar bear simulacrum claws you. The polar bear simulacrum freezes you!
The polar bear simulacrum claws you. The polar bear simulacrum freezes you!
The necromancer points at you and mumbles some strange words.
The bolt of cold misses you.
You take 36 damage, and have 34/74 hp.
MASSIVE DAMAGE!!
You are too injured to fight recklessly!
You are too injured to fight recklessly!
You are too injured to fight recklessly!
You are too injured to fight recklessly!
You slash the polar bear simulacrum!
The polar bear simulacrum vapourises!
The necromancer gestures wildly while chanting.
The necromancer binds the souls of nearby monsters.
A yak simulacrum comes into view.
The necromancer gestures at you while chanting.
The bolt of cold hits you!
Ouch! That really hurt!
You die...
Your body crumbles into a pile of gold.

'......... .................
#......... .................
+......... ...........######
#............. ...........#
#.............########.....#
#######.......#....# #.....#
.......#....#$#.....#
.....Z.#......#..####
.......#§@p...#..#
.......#'###Z##..#
...[......# #..# #####.....#
#..# #...⌠.# #..#
#...P.#####..#
#............#
#......####### ########


You could see a necromancer and a yak simulacrum.

Vanquished Creatures
  Psyche (D:9)
  A centaur skeleton (D:9)
  A komodo dragon (D:8)
  A troll (D:9)
  3 hippogriffs
  Sigmund (D:2)
  A wyvern (D:8)
  A spriggan (D:8)
  2 vampire mosquitoes (D:9)
  Edmund (D:4)
  An acid dragon (D:8)
  A water moccasin (D:5)
  5 orc warriors
  A black bear (D:6)
  7 ogres
  A phantom (D:8)
  A centaur (D:5)
  2 crocodiles (D:8)
  4 bullfrogs
  2 gnoll sergeants
  4 scorpions
  3 wights (D:9)
  4 howler monkeys
  3 crimson imps
  6 hounds
  A centaur zombie (D:7)
  7 orc priests
  2 bullfrog skeletons
  Natasha (thrice) (D:2)
  3 iguanas (D:4)
  5 orc wizards
  5 worker ants
  2 polar bear simulacra (D:9)
  A yak simulacrum (D:9)
  A hound zombie (D:7)
  A hound skeleton (D:5)
  A howler monkey zombie (D:6)
  3 worker ant zombies
  Robin (D:3)
  9 adders
  8 gnolls
  2 shadow imps
  2 oozes (D:5)
  An adder zombie (D:6)
  3 adder skeletons
  2 worms (D:6)
  4 dart slugs
  A leopard gecko (D:3)
  24 orcs
  7 giant cockroaches
  12 goblins
  6 hobgoblins
  10 jackals
  11 kobolds
  7 quokkas
  5 ball pythons
  6 bats
  3 frilled lizards
  A jackal zombie (D:6)
  7 rats
  3 river rat simulacra (D:9)
228 creatures vanquished.

Vanquished Creatures (others)
  A plant (D:9)
1 creature vanquished.

Grand Total: 229 creatures vanquished

Notes
Turn   | Place    | Note
-------+----------+-------------------------------------------
     0 | D:1      | tatocazan the Octopode Fighter began the quest for the Orb.
     0 | D:1      | Reached XP level 1. HP: 16/16 MP: 1/1
   226 | D:1      | Reached XP level 2. HP: 21/21 MP: 2/2
   354 | D:1      | Reached skill level 1 in Stealth
   629 | D:1      | Reached XP level 3. HP: 26/26 MP: 3/3
   915 | D:2      | Noticed Sigmund
   927 | D:2      | Killed Sigmund
   927 | D:2      | Reached skill level 3 in Long Blades
   927 | D:2      | Reached XP level 4. HP: 27/33 MP: 4/4
   927 | D:2      | Reached XP level 5. HP: 30/37 MP: 5/5
  1039 | D:2      | Reached skill level 4 in Long Blades
  1042 | D:2      | Noticed Natasha
  1047 | D:2      | Killed Natasha
  1061 | D:2      | Reached XP level 6. HP: 43/43 MP: 6/6
  1473 | D:2      | Noticed Natasha
  1486 | D:2      | Killed Natasha
  1514 | D:2      | Noticed Natasha
  1518 | D:2      | Found a burning altar of Makhleb.
  1522 | D:2      | Killed Natasha
  1608 | D:3      | Noticed Robin
  2002 | D:3      | Killed Robin
  2616 | D:5      | Entered Level 5 of the Dungeon
  2616 | D:5      | Found a shattered altar of Ashenzari.
  2671 | D:5      | Reached skill level 5 in Long Blades
  2671 | D:5      | Reached XP level 7. HP: 18/49 MP: 7/7
  3474 | D:4      | Noticed Edmund
  3485 | D:4      | Killed Edmund
  3485 | D:4      | Reached skill level 5 in Stealth
  3575 | D:4      | Reached XP level 8. HP: 54/54 MP: 8/8
  3651 | D:4      | Reached skill level 6 in Long Blades
  3660 | D:4      | Reached skill level 5 in Fighting
  3660 | D:4      | Reached skill level 5 in Dodging
  3957 | D:4      | Found a shadowy altar of Dithmenos.
  4053 | D:5      | Found a snail-covered altar of Cheibriados.
  4387 | D:5      | Found a sparkling altar of Nemelex Xobeh.
  4599 | D:5      | Reached skill level 7 in Long Blades
  4963 | D:6      | Reached XP level 9. HP: 32/62 MP: 9/9
  5204 | D:6      | Reached skill level 8 in Long Blades
  5731 | D:6      | Found an opulent altar of Gozag.
  5741 | D:6      | Became a worshipper of Gozag Ym Sagoz the Greedy
  5802 | D:6      | Found an ancient bone altar of Kikubaaqudgha.
  6360 | D:7      | Reached skill level 9 in Long Blades
  6522 | D:7      | Found a staircase to the Ecumenical Temple.
  7443 | D:8      | Reached skill level 10 in Long Blades
  7443 | D:8      | Reached XP level 10. HP: 39/71 MP: 10/10
  8535 | D:8      | Reached skill level 11 in Long Blades
  8815 | D:8      | Found a staircase to the Lair.
  9226 | D:9      | Noticed Psyche
  9233 | D:9      | Killed Psyche
  9613 | D:9      | Reached skill level 12 in Long Blades
  9684 | D:9      | Noticed a necromancer
  9696 | D:9      | Killed from afar by a necromancer

Vault maps used:
D:1:      psy_arrival_radial02
D:2:      lightli_temple_of_fire, first_ration, uniq_natasha, uniq_sigmund
D:3:      uniq_robin
D:4:      grunt_dithmenos_smoke, uniq_edmund
D:5:      evilmike_ruin_ashenzari, basic_altar, nemelex_dance_club_becter
D:6:      old_standard_altar, lemuel_doored_altar, cheibrodos_sewer_entry_bend
D:7:      minmay_temple_entry_statues_fountains
D:8:      erik_lair_dragon, the_bakery
D:9:      eino_house_with_fridge, uniq_psyche

Skill      XL: |  1  2  3  4  5  6  7  8  9 10 |
---------------+-------------------------------+-----
Stealth        | 1 3 4 5 6 |  6.0
Long Blades    | 3 4 5 7 10 12 | 12.0
Dodging        | 4 5 6 |  6.0
Fighting       | 4 5 7 9 |  9.1
Shields        | |  3.0

Action                   |  1- 3 |  4- 6 |  7- 9 | 10-12 || total
-------------------------+-------+-------+-------+-------++-------
Melee: Long sword        |    45 |    78 |   289 |   167 ||   579
       Tentacles         |     9 |    20 |    74 |    60 ||   163
       Constrict         |    13 |    24 |    70 |    22 ||   129
Invok: Potion Petition   |       |       |       |     3 ||     3
  Use: Scroll            |     3 |       |    10 |       ||    13
       Potion            |       |     1 |     4 |       ||     5
 Stab: Sleeping          |    10 |    10 |    17 |     4 ||    41
       Distracted        |       |       |     1 |     3 ||     4
  Eat: Chunk             |       |     6 |     7 |       ||    13
       Ration            |       |       |     2 |     2 ||     4
Armor: Skin              |     2 |     4 |    16 |     9 ||    31
Dodge: Dodged            |    14 |    51 |   137 |    80 ||   282
Block: Shield            |    18 |    38 |   136 |    91 ||   283
       Reflection        |       |       |     1 |     1 ||     2
       Rpst.: Long sword |     4 |    17 |    41 |    21 ||    83

Table legend:
 A = Non-vault XP
 B = Vault XP
 C = Vault XP percentage of total XP
 D = Non-vault monster count
 E = Vault monster count
 F = Vault count percentage of total count
                 A         B        C        D         E       F
            +---------+---------+-------+---------+---------+-------
      Total |    6860 |    2339 |  25.4 |     197 |      31 |  13.6
            +---------+---------+-------+---------+---------+-------
        D:1 |      38 |       0 |   0.0 |      21 |       0 |   0.0
        D:2 |     117 |     256 |  68.6 |      18 |       2 |  10.0
        D:3 |      54 |      33 |  37.9 |      23 |      11 |  32.4
        D:4 |     456 |     169 |  27.0 |      15 |       1 |   6.2
        D:5 |     772 |     132 |  14.6 |      29 |       2 |   6.5
        D:6 |    1245 |      10 |   0.8 |      25 |       2 |   7.4
        D:7 |    1011 |       0 |   0.0 |      23 |       0 |   0.0
        D:8 |    1188 |    1171 |  49.6 |      24 |       6 |  20.0
        D:9 |    1979 |     568 |  22.3 |      19 |       7 |  26.9
            +---------+---------+-------+---------+---------+-------
